 Dungeon Crawl Stone Soup version 0.27.1-1-g398f81649c (webtiles) character file.

Game seed: 7298823135456833614

93 phibes the Stinger (level 4, 0/29 HPs)
             Began as an Octopode Venom Mage on Sept 10, 2021.
             Was a Believer of Lugonu.
             Slain by an orc wizard (3 damage)
             ... on level 3 of the Dungeon.
             The game lasted 00:28:25 (3488 turns).

phibes the Stinger (Octopode Venom Mage)            Turns: 3488, Time: 00:28:25

Health: 0/29       AC:  1    Str:  8    XL:     4   Next: 62%
Magic:  7/7        EV: 13    Int: 17    God:    Lugonu [**....]
Gold:   105        SH:  0    Dex: 12    Spells: 6/7 levels left

rFire    . . .     SeeInvis .     - Unarmed
rCold    . . .     Faith    .   (no shield)
rNeg     . . .     Spirit   .   (helmet restricted)
rPois    .         Reflect  .   d - amulet of magic regeneration
rElec    .         Harm     .   (no ring)
rCorr    .         Rampage  .   (no ring)
Will     .....                  (no ring)
Stlth    ++........             (no ring)
HPRegen  0.09/turn              (no ring)
MPRegen  0.35/turn              (no ring)
                                (no ring)
                                (no ring)

@: confused
A: almost no armour, amphibious, 8 rings, camouflage 1, gelatinous body 1,
(nimble swimmer 1), tentacles
a: Renounce Religion, Depart the Abyss, Bend Space


You were on level 3 of the Dungeon.
You worshipped Lugonu.
Lugonu was pleased with you.
You visited 1 branch of the dungeon, and saw 3 of its levels.

You collected 105 gold pieces.

Inventory:

Hand Weapons
 c - a +0 vampiric dagger
Missiles
 a - 31 stones
Jewellery
 d - an amulet of magic regeneration (around mantle)
Scrolls
 e - a scroll of blinking {unknown}
 g - a scroll of teleportation {unknown}
 h - a scroll of immolation {unknown}
 k - a scroll of torment {unknown}
 l - a scroll of holy word {unknown}
 m - a scroll of amnesia {unknown}
 n - a scroll of vulnerability {unknown}
Potions
 b - 2 potions of attraction {unknown}
 f - a potion of brilliance {unknown}
 i - a potion of curing {unknown}
 j - a potion of degeneration {unknown}


   Skills:
 * Level 1.7 Fighting
 + Level 2.5 Dodging
 + Level 3.3 Stealth
 * Level 2.7 Unarmed Combat
 - Level 2.0 Spellcasting
 - Level 1.0 Transmutations
 - Level 3.6 Poison Magic


You had 6 spell levels left.
You knew the following spells:

 Your Spells              Type           Power      Damage    Failure   Level
a - Sting                 Tmut/Pois      36%        1d4       8%          1

Your spell library contained the following spells:

 Spells                   Type           Power      Damage    Failure   Level
 Poisonous Vapours        Pois/Air       14%        N/A       14%         2
 Mephitic Cloud           Conj/Pois/Air  5%         N/A       34%         3
 Olgreb's Toxic Radiance  Pois           14%        N/A       41%         4


Dungeon Overview and Level Annotations

Branches:
Dungeon (3/15)

Altars:
Makhleb
Lugonu


Innate Abilities, Weirdness & Mutations

You cannot wear most types of armour.
You are amphibious.
You can wear up to eight rings at the same time.
Your skin changes colour to match your surroundings (Stealth+).
Your rubbery body absorbs attacks. (AC +1, EV +1)
((You are camouflaged near water. (Stealth+)))
You have tentacles for arms and can constrict up to eight enemies at once.


Message History

The goblin shouts!
You tentacle-slap the goblin.
You kill the goblin!
Lugonu accepts your kill.
You now have 105 gold pieces (gained 8).
You see here a +0 club.
The orc misses you. The orc hits you with a +0 mace. The orc barely misses you.
You barely miss the orc. You grab the orc. The orc blocks your attack.
You constrict the orc. The orc closely misses you.
You tentacle-slap the orc.
The orc is heavily wounded.
You constrict the orc. The orc hits you with a +0 mace.
You release your grip on the orc.
You see here a +0 club.
The orc blocks your attack.
The orc wizard shouts!
Your grab misses the orc.
The orc is severely wounded.
You closely miss the orc. Your grab misses the orc.
The orc is severely wounded.
The orc wizard casts a spell.
The orc wizard flickers and vanishes!
Deactivating autopickup; reactivate with Ctrl-A.
The orc misses you.
You tentacle-slap the orc.
You kill the orc!
Lugonu accepts your kill.
A magic dart appears from out of thin air!
The magic dart hits you.
You closely miss something. Something hits you.
* * * LOW HITPOINT WARNING * * *
You miss something.
You hear some strange, mumbled words.
You are confused.
You bump into the rock wall.
Something hits you.
* * * LOW HITPOINT WARNING * * *
You're too confused to move!
Something hits you.
You die...

#.#.# ##.#.#.......#
#.#.# #..........$..
#.#.# ##.#.##.....#.
#.#.# #.....##...##
#####.#.# ####.#÷##
#.## ........#
#...#### ...
#..###.#########.###
(...
#..............))#
##.
##.###.#########@#
##.###.## #{#
#...#.#.## ###.#
#....###.#####..<#
#...## ##......#†#
#.##.###.####..#.#
#.##..#.## #..#.#
#.##.#..# #..#.#
#.......# #..#.#


There were no monsters in sight!

Vanquished Creatures
  3 adders
  3 dart slugs
  2 orcs (D:3)
  5 ball pythons
  An endoplasm (D:2)
  3 giant cockroaches (D:1)
  8 hobgoblins
  3 jackals
  5 kobolds (D:1)
  3 quokkas
  4 bats (D:1)
  4 frilled lizards
  4 goblins
  7 rats
55 creatures vanquished.

Vanquished Creatures (others)
  2 fungi (D:1)
  2 plants (D:1)
4 creatures vanquished.

Grand Total: 59 creatures vanquished

Notes
Turn   | Place    | Note
-------+----------+-------------------------------------------
     0 | D:1      | phibes the Octopode Venom Mage began the quest for the Orb.
     0 | D:1      | Reached XP level 1. HP: 11/11 MP: 3/3
   719 | D:1      | Reached XP level 2. HP: 18/18 MP: 5/5
  1035 | D:1      | Reached skill level 1 in Unarmed Combat
  1090 | D:1      | Reached skill level 1 in Fighting
  1410 | D:1      | Reached XP level 3. HP: 14/23 MP: 6/6
  1625 | D:1      | Found a faded altar of an unknown god.
  1653 | D:1      | Became a worshipper of Lugonu the Unformed
  1653 | D:1      | Reached * piety under Lugonu
  1653 | D:1      | Reached ** piety under Lugonu
  2096 | D:2      | Found a burning altar of Makhleb.
  2688 | D:2      | Reached XP level 4. HP: 28/28 MP: 7/7
  3488 | D:3      | Slain by an orc wizard

Illustrated notes

Levels and vault maps discovered:
D:1:      evilmike_arrival_rings, layout_rooms,
          shapermc_ecumenical_altar_ellora, amcnicky_mini_rare_corridor_liquid
D:2:      layout_basic, basic_altar, kennysheep_generic_room_11
D:3:      kennysheep_the_goblin_king, layout_loops_ring,
          lemuel_zombie_altar_kikubaaqudgha, st_stairs_13, kennysheep_orc_chapel

Skill      XL: |  1  2  3 |
---------------+----------+-----
Unarmed Combat | 1 2 |  2.7
Fighting       | 1 |  1.7
Stealth        | 3 |  3.3
Dodging        | |  2.5
Spellcasting   | |  2.0
Transmutations | |  1.0
Poison Magic   | |  3.6

Action                   |  1- 3 |  4- 6 || total
-------------------------+-------+-------++-------
Melee: Unarmed           |   123 |    45 ||   168
       Constrict         |    34 |    10 ||    44
       Tentacles         |    22 |     8 ||    30
       Punch             |     1 |     1 ||     2
 Cast: Sting             |       |     9 ||     9
 Stab: Sleeping          |     6 |     2 ||     8
Armor: Skin              |     9 |     5 ||    14
Dodge: Dodged            |    87 |    48 ||   135
